 Dungeon Crawl Stone Soup version 0.25.0-10-g039870ee82 (webtiles) character file.

Game seed: 15323639171457074218

213 Lavandula the Bolt Thrower (level 5, 0/44 HPs)
             Began as a Naga Arcane Marksman on June 23, 2020.
             Slain by a phantom (7 damage)
             ... on level 4 of the Dungeon.
             The game lasted 00:05:40 (853 turns).

Lavandula the Bolt Thrower (Naga Arcane Marksman)    Turns: 853, Time: 00:05:40

Health: 0/44       AC:  2    Str: 14    XL:     5   Next: 90%
Magic:  6/6        EV: 10    Int: 13    God:
Gold:   88         SH:  0    Dex:  7    Spells: 5/6 levels left

rFire    . . .     SeeInvis +   a - +0 hand crossbow
rCold    . . .     Gourm    .   (no shield)
rNeg     . . .     Faith    .   e - +0 robe
rPois    +         Spirit   .   (no helmet)
rElec    .         Reflect  .   (no cloak)
rCorr    .         Harm     .   (no gloves)
MR       .....                  (no barding)
Stlth    +.........             (no amulet)
HPRegen  0.14/turn              o - -4 ring of dexterity (curse)
MPRegen  0.10/turn              (no ring)

@: mighty, very slow
A: large, see invisible, deformed body, poison resistance, slowness 2, slow
metabolism 1, spit poison 1, AC +1
a: Spit Poison


You were on level 4 of the Dungeon.
You were not hungry.

You visited 1 branch of the dungeon, and saw 4 of its levels.

You collected 88 gold pieces.

Inventory:

Hand Weapons
 a - a +0 hand crossbow (weapon)
 g - a +0 dagger
Missiles
 b - 42 arrows
 d - 3 bolts (quivered)
Armour
 c - a +2 buckler
 e - a +0 robe (worn)
 k - a +3 buckler
Jewellery
 o - a cursed -4 ring of dexterity (left hand)
Scrolls
 l - a scroll of fear
Comestibles
 f - 2 rations


   Skills:
 - Level 1.0 Fighting
 + Level 4.9 Crossbows
 - Level 1.7 Dodging
 - Level 1.0 Spellcasting
 - Level 3.7 Hexes


You had 5 spell levels left.
You knew the following spells:

 Your Spells              Type           Power        Failure   Level  Hunger
a - Corona                Hex            ##.....      6%          1    ##.....

Your spell library contained the following spells:

 Spells                   Type           Power        Failure   Level  Hunger
 Slow                     Hex            ##......     10%         2    ###....
 Inner Flame              Hex/Fire       #.......     36%         3    ####...
 Portal Projectile        Hex/Tloc       #.....       36%         3    ####...
 Cause Fear               Hex            ##........   52%         4    #####..
 Leda's Liquefaction      Hex/Erth       #.........   78%         4    #####..


Dungeon Overview and Level Annotations

Branches:
Dungeon (4/15)
 Temple: D:4-7

Altars:


Innate Abilities, Weirdness & Mutations

You cannot wear boots.
Your serpentine skin is tough. (AC +1)
You have supernaturally acute eyesight. (SInv)
Armour fits poorly on your strangely shaped body.
Your system is resistant to poisons. (rPois)
You cover ground very slowly.
You have a slow metabolism.
You can spit poison.


Message History

Press: ? - help, Shift-Dir - straight line, f/p - phantom
Aim: a phantom (lightly damaged)
Okay, then.
You aren't carrying any potions.
Unknown command.
Okay, then.
Firing (i - inventory)
d - 5 bolts (quivered)
Press: ? - help, Shift-Dir - straight line, f/p - phantom
Aim: a phantom (lightly damaged)
You shoot a bolt.
The bolt hits the phantom but does no damage.
The phantom is lightly damaged.
The phantom completely misses you.
Firing (i - inventory)
d - 4 bolts (quivered)
Press: ? - help, Shift-Dir - straight line, f/p - phantom
Aim: a phantom (lightly damaged)
You shoot a bolt. The bolt hits the phantom.
The phantom is moderately damaged.
The phantom hits you!
You die...

#.# #.........
#.# #.#####.#.
#.# #.#. #.# #.#.
#.# #.#.
##.#####.######.
#.#.
....^.....(.....
#.#.
#...####W#######
#.#.
(..((()@........
#.#.
(...#######...##
#.#. . ...# #.#.
#...#######.##
...............
#.....#...
#.......#####...
#.....#..#
#..........%#...
.....#..# #.
#≈..........#...
....#..#.$.
##≈#.........#...


You could see a phantom.

Vanquished Creatures
  A bullfrog (D:3)
  A centaur skeleton (D:4)
  An iguana (D:4)
  An orc wizard (D:4)
  4 adders (D:3)
  A dart slug (D:3)
  A leopard gecko (D:3)
  4 orcs
  A giant cockroach (D:1)
  A hobgoblin (D:1)
  A quokka (D:4)
  4 bats
  A frilled lizard (D:1)
  4 goblins (D:3)
  A jackal skeleton (D:4)
  2 kobolds
  2 rats (D:3)
31 creatures vanquished.

Notes
Turn   | Place    | Note
-------+----------+-------------------------------------------
     0 | D:1      | Lavandula the Naga Arcane Marksman began the quest for the
                  | Orb.
     0 | D:1      | Reached XP level 1. HP: 18/18 MP: 2/2
    35 | D:1      | Reached skill level 2 in Crossbows
   183 | D:3      | Reached XP level 2. HP: 25/25 MP: 3/3
   225 | D:3      | Reached XP level 3. HP: 26/31 MP: 4/4
   565 | D:3      | Noticed a bullfrog
   567 | D:3      | Reached skill level 3 in Crossbows
   574 | D:3      | Killed a bullfrog
   574 | D:3      | Reached skill level 4 in Crossbows
   574 | D:3      | Reached XP level 4. HP: 19/38 MP: 5/5
   574 | D:3      | Reached XP level 5. HP: 22/44 MP: 6/6
   724 | D:4      | ._.
   844 | D:4      | Noticed a phantom
   853 | D:4      | Slain by a phantom

Illustrated notes

.# .........# .#
........# .#
.......# .# ......#
.....# .... #####.#
#.....## #.####@#
#.#..#$############
#.#..#.#<.........#
#.#..#.##########.#
#.#..#.. #.#
#.#..#.# #.#
#.#..#.# #.#
####.#..#.# #.#
#.......# #.#


Turn 724 on D:4: ._.

Levels and vault maps discovered:
D:1:      tarquinn_simple_flora_water_c, layout_loops_ring
D:2:      layout_basic, led_sif_pool
D:3:      layout_basic
D:4:      cheibrodos_thug_alley, layout_basic, first_ration

Skill      XL: |  1  2  3 |
---------------+----------+-----
Crossbows      | 2 4 |  4.9
Fighting       | |  1.0
Dodging        | |  1.7
Spellcasting   | |  1.0
Hexes          | |  3.7

Action                   |  1- 3 |  4- 6 || total
-------------------------+-------+-------++-------
Melee: Dagger            |     5 |       ||     5
 Fire: Hand crossbow     |    41 |    23 ||    64
 Abil: Spit Poison       |     6 |     4 ||    10
  Use: Scroll            |       |     5 ||     5
       Potion            |       |     2 ||     2
Armor: Robe              |     6 |       ||     6
Dodge: Dodged            |    17 |     8 ||    25
